 Dungeon Crawl Stone Soup version 0.32-a0-401-g0bcb2a7693 (webtiles) character file.

Game seed: 949740829711112249

1 Asfel the Changeling (level 1, -1/8 HPs)
             Began as a Demigod Shapeshifter on Feb 20, 2024.
             Slain by a quokka (3 damage)
             ... on level 1 of the Dungeon.
             The game lasted 00:01:00 (31 turns).

Asfel the Changeling (Demigod Shapeshifter)           Turns: 31, Time: 00:01:06

Health: -1/8       AC:  0    Str: 15    XL:     1   Next: 13%
Magic:  3/3        EV: 13    Int: 12    God:
Gold:   0          SH:  0    Dex: 13    Spells: 0/0 levels left

rFire   . .          .
                       - Unarmed
rCold   . . .        (shield currently unavailable)
rNeg    . . .        a - melded +0 animal skin
rPois   .            (no helmet)
rElec   .            (no cloak)
rCorr   .            (no gloves)
SInv    .            (no boots)
Will    .....        (no amulet)
Stlth   +            (no ring)
HPRegen 0.21/turn    (no ring)
MPRegen 0.08/turn

%: no passive effects
@: flux-form, glowing, constricted
A: glow, contaminating, reduced hp, high MP 1, forlorn, divine attributes
a: Begin Untransformation


You were on level 1 of the Dungeon.
You were something dangerously unstable.
You visited 1 branch of the dungeon, and saw 1 of its levels.

Inventory:

Armour
 a - a +0 animal skin (melded)
Talismans
 c - a beast talisman
 d - a flux talisman (active)
Potions
 b - a potion of lignification


   Skills:
 + Level 0.8 Fighting
 + Level 1.7 Dodging
 + Level 2.6 Unarmed Combat
 + Level 2.7 Shapeshifting


You couldn't memorise any spells.
You didn't know any spells.
Your spell library was empty.

Dungeon Overview and Level Annotations

Branches:
Dungeon (1/15)


Innate Abilities, Weirdness & Mutations

You are something dangerously unstable.
You glow with magical radiation, making you easy to see and hit.
Foes you strike become dangerously contaminated with magical radiation.
Your maximum health is decreased, since you lack skill for your form.
You are incapable of wielding weapons or throwing items.
You have an increased reservoir of magic. (+10% MP)
You shall have no god before yourself.
Your divine heritage dramatically boosts your attributes as you level up.


Message History

Found a staircase leading out of the dungeon.
You begin untransforming.
You continue untransforming. x3
Your transformation has ended.
You begin transforming.
You continue transforming. x3
You turn into something dangerously unstable.
Your +0 animal skin melds into your body.
HP restored.
You enter the shallow water.
Moving in this stuff is going to be slow.
A rat comes into view.
The rat squeaks loudly.
A quokka comes into view.
The rat moves out of view.
You see here 13 gold pieces.
A ball python comes into view.
The ball python hisses angrily.
The rat closely misses you.
You hit the rat.
The rat begins to glow.
The rat is severely wounded.
The rat barely misses you. The quokka closely misses you.
You hit the rat.
You kill the rat!
The quokka bites you.
Ouch! That really hurt!
The ball python closely misses you. The ball python barely misses you.
A dart slug comes into view.
You closely miss the ball python. The quokka closely misses you.
The ball python closely misses you. The ball python grabs you.
The ball python constricts you.
You hit the ball python but do no damage.
The ball python begins to glow.
The quokka misses you. The ball python barely misses you.
The ball python constricts you.
You hit the ball python.
The ball python glows dangerously bright.
The ball python is heavily wounded.
The quokka barely misses you. The ball python closely misses you.
The ball python constricts you.
* * * LOW HITPOINT WARNING * * *
The quokka bites you.
You die...

.... .... ...
.. #w # #.##
..#.##rS#####
.......p....#
.##.........#
#.##...$..#
...........#
....##......#
.......####.#
........#...#
. ##........#
..#........##


You could see a dart slug, a quokka and a ball python (heavy contam).

Vanquished Creatures
  A rat (D:1)
1 creature vanquished.

Notes
Turn   | Place    | Note
-------+----------+-------------------------------------------
     0 | D:1      | Asfel the Demigod Shapeshifter began the quest for the Orb.
     0 | D:1      | Reached XP level 1. HP: 15/15 MP: 3/3
    31 | D:1      | Slain by a quokka

Illustrated notes

Levels and vault maps discovered:
D:1:      dpeg_arrival_more_subterranean_lakeside_camping, layout_rooms

Action                     || total
---------------------------++-------
  Melee: Unarmed           ||     5
 Armour: Skin              ||     2
  Dodge: Dodged            ||    11
         Form:             ||     1
         Flux              ||     1

Table legend: (Time is in decaauts)
 A = Elapsed time spent in this place.
 B = Non-inter-level travel time spent in this place.
 C = Inter-level travel time spent in this place.
 D = Time resting spent in this place.
 E = Time spent auto-exploring this place.
 F = Levels seen in this place.
 G = Mean time per level.
                   A        B        C        D        E       F      G
               +--------+--------+--------+--------+--------+-----+--------+
         Total |     31 |     31 |      0 |      0 |     13 |   1 |   31.0 |
       Dungeon |     31 |     31 |      0 |      0 |     13 |   1 |   31.0 |
               +--------+--------+--------+--------+--------+-----+--------+

Top non-repeatable levels by time:
     D:1: 31 daAuts
